 Dungeon Crawl Stone Soup version 0.31-a0-986-g5e6e4ef867 (webtiles) character file.

Game seed: 8047136575741448018

107 FakeRyeBread the Covered (level 4, -6/29 HPs)
             Began as a Gargoyle Fighter on Nov 4, 2023.
             Engulfed by a cloud of flame (15 damage)
             ... on level 2 of the Dungeon.
             The game lasted 00:05:29 (1922 turns).

FakeRyeBread the Covered (Gargoyle Fighter)         Turns: 1922, Time: 00:05:29

Health: -6/29      AC: 13    Str: 21    XL:     4   Next: 86%
Magic:  4/4        EV:  9    Int:  9    God:
Gold:   78         SH:  4    Dex:  9    Spells: 3/3 levels left

rFire   . . .        a - +0 flail
rCold   . . .        c - +0 buckler
rNeg    + . .        b - +0 scale mail
rPois   ∞            f - +0 helmet
rElec   +            t - +0 cloak
rCorr   .            (no gloves)
SInv    .            (no boots)
Will    .....        (no amulet) Stlth
                     (no ring)
HPRegen 0.24/turn    (no ring)
MPRegen 0.09/turn

%: no passive effects
@: no status effects
A: sickness immunity, AC +3, negative energy resistance 1, electricity
resistance, torment resistance 1, petrification resistance
a: no special abilities


You were on level 2 of the Dungeon.
You visited 1 branch of the dungeon, and saw 2 of its levels.

You collected 78 gold pieces.

Inventory:

Hand Weapons
 a - a +0 flail (weapon)
Armour
 b - a +0 scale mail (worn)
 c - a +0 buckler (worn)
 f - a +0 helmet (worn)
 t - a +0 cloak (worn)
Wands
 o - a wand of polymorph (9)
 p - a wand of mindburst (19)
Scrolls
 e - a scroll of poison {unknown}
 h - a scroll of identify
 i - a scroll of teleportation {unknown}
 j - a scroll of noise {unknown}
 k - a scroll of revelation {unknown}
 l - a scroll of enchant weapon {unknown}
 n - a scroll of fog {unknown}
 r - a scroll of fear {unknown}
Potions
 d - a potion of might
 g - 2 potions of lignification
 m - a potion of degeneration
 q - 2 potions of curing
 s - a potion of heal wounds {unknown}


   Skills:
 + Level 3.9 Fighting
 * Level 3.4 Maces & Flails
 + Level 4.0 Armour
 + Level 3.9 Shields


You had 3 spell levels left.
You didn't know any spells.
Your spell library was empty.

Dungeon Overview and Level Annotations

Branches:
Dungeon (2/15)

Altars:


Innate Abilities, Weirdness & Mutations

You are immune to sickness and miasma.
Your stone body is resilient. (AC +3)
You are immune to poison.
You resist negative energy. (rN+)
You are resistant to electric shocks. (rElec)
You are resistant to unholy torment.
You are immune to petrification.


Message History

You kill the frilled lizard!
You see here a frilled lizard corpse.
Crazy Yiuf shouts!
Crazy Yiuf screams, "Nubble arm dark!"
Could not explore, unopened runed door.
Could not explore, unopened runed door.
Okay, then.
As you read the scroll of identify, it crumbles to dust.
q - 2 potions of curing You open the door.
You sock Crazy Yiuf!
Crazy Yiuf is heavily wounded.
You block Crazy Yiuf's attack.
You closely miss Crazy Yiuf.
Crazy Yiuf is heavily wounded.
Crazy Yiuf barely misses you.
You sock Crazy Yiuf!
Crazy Yiuf is almost dead.
Crazy Yiuf hits you with a +3 quarterstaff of chaos.
Crazy Yiuf burns you. Crazy Yiuf barely misses you.
You hit Crazy Yiuf.
You kill Crazy Yiuf!
Your Armour skill increases to level 4!
There is an open translucent door here.
Things that are here:
a +3 quarterstaff of chaos; a +0 cloak
t - a +0 cloak You start putting on your armour.
You continue putting on your +0 cloak. x4
You finish putting on your +0 cloak.
Partly explored, can't reach some items.
Partly explored, can't reach some items.
There is an open translucent door here.
You see here a +3 quarterstaff of chaos.
You're in a travel-excluded area, stopping explore.
Okay, then.
You are engulfed in blazing flames.
Ouch! That really hurt!
You are engulfed in blazing flames.
Ouch! That really hurt!
You die...

..........# #§§§# #....###..
####..##### #§..# ##....# #..
#..#########...#####.....# #..
#........§§..$..○☼☼.....## #..
#...##...°§.....°§§..#### #..
####...###.☼☼§...$.§☼○)### #.#
...)......#####...#####..######.#
#####..#### #☼§☼# ##.........
#.....# #°@○# #........# ##....#
#§§○# #.#....... ##.#### ##...##
#.#.###..#
#######.##.###...#.#####.#.###..#
.................................
#######.##.##################...#
#######.##.# #...#
........##.##♣♣♣♣♣ ###...#
#########......♣.♣♣♣##### #......


There were no monsters in sight!

Vanquished Creatures
  Crazy Yiuf (D:2)
  An adder (D:2)
  3 worms (D:2)
  4 dart slugs
  3 ball pythons
  6 endoplasms
  2 giant cockroaches (D:1)
  9 goblins
  2 hobgoblins
  2 jackals (D:2)
  A quokka (D:2)
  8 bats
  4 frilled lizards (D:2)
  4 kobolds
  3 rats
53 creatures vanquished.

Vanquished Creatures (others)
  A worm (D:2)
1 creature vanquished.

Grand Total: 54 creatures vanquished

Notes
Turn   | Place    | Note
-------+----------+-------------------------------------------
     0 | D:1      | FakeRyeBread the Gargoyle Fighter began the quest for the
                  | Orb.
     0 | D:1      | Reached XP level 1. HP: 14/14 MP: 1/1
   188 | D:1      | Reached XP level 2. HP: 19/19 MP: 2/2
   494 | D:1      | Reached XP level 3. HP: 19/23 MP: 3/3
  1065 | D:2      | Reached XP level 4. HP: 29/29 MP: 4/4
  1716 | D:2      | Found a runed translucent door.
  1717 | D:2      | Noticed Crazy Yiuf
  1873 | D:2      | Killed Crazy Yiuf
  1874 | D:2      | Reached skill level 4 in Armour
  1922 | D:2      | Engulfed by a cloud of flame

Illustrated notes

Levels and vault maps discovered:
D:1:      dpeg_arrival_central, layout_basic, minmay_octomino_c4
D:2:      layout_basic, minmay_misc_feat_pillars, lemuel_flame_loot_1,
          uniq_crazy_yiuf_cottage

Skill      XL: |  1  2  3  4 |
---------------+-------------+-----
Maces & Flails | 3 |  3.4
Armour         | 4 |  4.0
Fighting       | |  3.9
Shields        | |  3.9

Action                     |  1- 3 |  4- 6 || total
---------------------------+-------+-------++-------
  Melee: Flail             |   117 |    62 ||   179
    Use: Scroll            |     2 |     1 ||     3
 Armour: Scale mail        |    81 |    44 ||   125
  Dodge: Dodged            |    63 |    35 ||    98
  Block: Buckler           |    27 |    17 ||    44

Table legend: (Time is in decaauts)
 A = Elapsed time spent in this place.
 B = Non-inter-level travel time spent in this place.
 C = Inter-level travel time spent in this place.
 D = Time resting spent in this place.
 E = Time spent auto-exploring this place.
 F = Levels seen in this place.
 G = Mean time per level.
                   A        B        C        D        E       F      G
               +--------+--------+--------+--------+--------+-----+--------+
         Total |   1974 |   1721 |    253 |     72 |   1106 |   2 |  987.0 |
       Dungeon |   1974 |   1721 |    253 |     72 |   1106 |   2 |  987.0 |
               +--------+--------+--------+--------+--------+-----+--------+

Top non-repeatable levels by time:
     D:2: 1087 daAuts
     D:1: 887 daAuts
